Map: Catalyst LE

Players

Serral - Winner!

  • Race: Zerg Zerg
  • Spawn Location: 5:00

bly

  • Race: Zerg Zerg
  • Spawn Location: 11:00

Event: WESG 2017 Haikou

VOD

Have the link to the VOD?

Description

Time

  • Played on: March 15, 2018, 10:27 p.m.
  • Length: 7:34

All games in this series

Show
View Real Time Build Order
Export as new Build Order

Serral Zerg - Winner!

Build Orders: Hatch First 

Get SALT Encoding   

  12  0:00  Drone  
  13  0:12  Overlord  
  13  0:17  Drone  
  14  0:30  Drone x2  
  16  0:49  Hatchery  
  15  0:51  Drone  
  15  0:55  Drone  
  17  1:09  Spawning Pool  
  16  1:12  Extractor  
  16  1:14  Drone  
  16  1:17  Drone  
  17  1:20  Drone  
  18  1:28  Drone  
  19  1:42  Overlord  
  19  1:51  Drone  
  20  1:56  Queen  
  20  2:01  Queen, Zergling x4  
  26  2:11  Drone  
  26  2:12  Metabolic Boost  
  26  2:14  Drone  
  28  2:22  Drone  
  29  2:23  Drone  
  30  2:32  Drone  
  30  2:33  Drone  
  32  2:43  Hatchery  
  31  2:47  Drone  
  31  2:51  Overlord  
  32  2:54  Drone  
  32  2:55  Drone  
  34  3:01  Queen  
  36  3:10  Drone x3  
  36  3:12  Drone  
  40  3:13  Drone  
  40  3:18  Evolution Chamber  
  40  3:19  Drone  
  41  3:23  Zergling x2  
  41  3:24  Zergling x2  
  41  3:25  Drone  
  44  3:34  Overlord  
  44  3:39  Extractor  
  44  3:40  Drone  
  44  3:44  Zerg Missile Weapons Level 1  
  44  3:49  Roach Warren  
  44  3:50  Drone  
  44  3:52  Drone  
  44  3:53  Drone x3  
  44  3:54  Drone  
  49  3:57  Drone  
  49  3:58  Extractor  
  49  4:04  Drone  
  49  4:07  Drone x3  
  53  4:11  Overlord  
  53  4:13  Overlord  
  53  4:17  Overlord  
  51  4:32  Lair  
  51  4:34  Roach x6  
  61  4:39  Roach x2  
  61  4:44  Roach  
  69  4:45  Roach  
  69  4:48  Roach  
  69  4:51  Roach, Zergling x4  
  75  4:55  Overlord  
  75  4:57  Roach  
  75  4:58  Roach  
  79  5:01  Roach  
  79  5:05  Overlord  
  77  5:18  Roach x6  
  89  5:23  Overlord x2  
  89  5:27  Overlord  
  88  5:34  Glial Reconstitution  
  88  5:39  Roach  
  88  5:41  Overlord  
  89  5:45  Overlord  
  89  5:50  Roach x5  
  99  5:58  Roach x2  
  99  6:06  Roach, Overlord  
  99  6:07  Roach x2  
  105  6:18  Roach x4  
  105  6:24  Roach  
  105  6:25  Roach  
  115  6:29  Roach x2  
  119  6:34  Overlord  
  119  6:39  Roach  
  125  6:40  Roach x2  
  125  6:44  Overlord  
  125  6:52  Roach x4  
  131  7:01  Roach x3  
  131  7:07  Roach x2  
  141  7:14  Roach x2  
  141  7:15  Roach  
Show
View Real Time Build Order
Export as new Build Order

bly Zerg 

Build Orders: Hatch First 

Get SALT Encoding   

  12  0:02  Drone  
  13  0:13  Overlord  
  13  0:17  Drone  
  14  0:31  Drone x2  
  16  0:36  Drone  
  17  0:52  Hatchery  
  16  0:57  Drone  
  16  0:58  Drone  
  18  1:11  Spawning Pool  
  18  1:13  Extractor  
  18  1:16  Drone  
  17  1:21  Drone  
  18  1:28  Drone  
  19  1:40  Overlord  
  19  1:50  Drone  
  20  1:58  Queen  
  22  2:01  Drone  
  22  2:03  Queen  
  22  2:04  Drone  
  26  2:11  Drone  
  26  2:14  Drone  
  29  2:22  Drone  
  29  2:28  Zergling x2  
  30  2:35  Drone  
  31  2:39  Lair  
  31  2:42  Queen  
  31  2:43  Overlord  
  33  2:56  Drone x2  
  35  2:59  Roach Warren  
  35  3:00  Drone  
  35  3:01  Evolution Chamber  
  35  3:03  Extractor  
  33  3:12  Evolution Chamber  
  32  3:13  Drone x3  
  32  3:14  Drone x2  
  37  3:22  Drone x4  
  41  3:27  Zerg Missile Weapons Level 1  
  41  3:33  Overlord  
  41  3:39  Glial Reconstitution  
  41  3:42  Overlord  
  41  3:45  Extractor  
  40  3:49  Overlord  
  40  3:54  Roach x2  
  40  3:55  Roach  
  46  4:00  Roach  
  48  4:06  Roach x3  
  54  4:10  Roach  
  54  4:14  Roach  
  55  4:28  Roach x3  
  61  4:37  Roach x3  
  67  4:38  Overlord  
  67  4:49  Overlord  
  67  4:58  Roach x4  
  75  5:04  Overlord  
  73  5:16  Roach x4  
  79  5:34  Roach  
  79  5:35  Roach x4  
  89  5:44  Roach  
  91  5:54  Overlord  
  91  5:58  Ravager, Overlord  
  86  6:10  Roach x3  
  92  6:17  Drone x6  
  92  6:23  Drone x2  
  94  6:30  Drone x5  
  94  6:31  Drone  
  92  6:42  Drone x2  
  92  6:51  Roach  
  92  6:55  Roach  
  92  6:56  Roach x3  
  98  7:05  Roach  
  98  7:06  Roach x3  
  106  7:14  Roach  
  93  7:18  Hatchery  
Tags
 
Add a new tag
Caveats
  • Supply blocks, unpowered buildings, or Contaminate may cause inaccurate times.
  • Supply counts are checked every 10 seconds.